 Dungeon Crawl Stone Soup version 0.21.1-1-g345015f (webtiles) character file.

35 johnjohn the Grave Robber (level 3, -11/24 HPs)
             Began as a Human Necromancer on May 26, 2018.
             Mangled by Crazy Yiuf
             ... wielding a +4 quarterstaff of chaos
              (14 damage)
             ... on level 2 of the Dungeon.
             The game lasted 00:17:06 (2340 turns).

johnjohn the Grave Robber (Human Necromancer)       Turns: 2340, Time: 00:17:07

Health: -11/24     AC:  2    Str:  9    XL:     3   Next: 52%
Magic:  3/7        EV: 12    Int: 15    God:
Gold:   113        SH:  0    Dex: 15    Spells: 2/7 levels left

rFire    . . .     SeeInvis .   l - +0 mace
rCold    . . .     Gourm    .   (no shield)
rNeg     . . .     Faith    .   a - +0 robe
rPois    .         Spirit   .   (no helmet)
rElec    .         Reflect  .   (no cloak)
rCorr    .         Harm     .   (no gloves)
MR       .....                  (no boots)
Stlth    ++........             (no amulet)
HPRegen  0.08/turn              h - +2 ring of dexterity
MPRegen  0.10/turn              (no ring)

@: no status effects
A: no striking features
a: no special abilities


You were on level 2 of the Dungeon.
You were not hungry.

You visited 1 branch of the dungeon, and saw 2 of its levels.

You collected 113 gold pieces.

Inventory:

Hand Weapons
 e - a +0 hunting sling
 k - a +0 dagger
 l - a +0 mace (weapon)
Armour
 a - a +0 robe (worn)
 i - a +0 chain mail
 q - a +0 scale mail
Jewellery
 g - an uncursed amulet of guardian spirit
 h - a +2 ring of dexterity (left hand)
Scrolls
 d - a scroll of magic mapping {unknown}
 f - a scroll of fog {unknown}
 j - 2 scrolls of enchant armour {unknown}
 m - 2 scrolls of identify
 o - a scroll of enchant weapon {unknown}
Potions
 p - a potion of might
Books
 b - a book of Necromancy

   Spells                             Type                      Level
   a - Pain                           Necromancy                   1
   b - Animate Skeleton               Necromancy                   1
   c - Vampiric Draining              Necromancy                   3
   d - Regeneration                   Charms/Necromancy            3
   e - Animate Dead                   Necromancy                   4
   f - Borgnjor's Vile Clutch         Necromancy/Earth             5
Comestibles
 c - 6 rations
 n - 4 chunks of flesh


   Skills:
 - Level 2.0 Dodging
 - Level 2.0 Stealth
 + Level 2.8 Spellcasting
 + Level 4.5 Necromancy


You had 2 spell levels left.
You knew the following spells:

 Your Spells              Type           Power        Failure   Level  Hunger
a - Pain                  Necr           ###.         3%          1    #......
b - Animate Skeleton      Necr           N/A          3%          1    #......
c - Vampiric Draining     Necr           ###.......   10%         3    ###....


Dungeon Overview and Level Annotations

Branches:
Dungeon (2/15)

Altars:

Annotations:
D:2 Crazy Yiuf


Message History

Crazy Yiuf barely resists.
Casting: Pain
Confirm with . or Enter, or press ? or * to list all spells.
Aiming: Pain
Press: ? - help, Shift-Dir - straight line, f/p - Crazy Yiuf
Aim: Crazy Yiuf, wielding a quarterstaff of chaos and wearing a cloak (moderately wounded, chance to defeat MR: 80%) Crazy Yiuf writhes in agony!
Crazy Yiuf laughs, "Race fast foot!"
Crazy Yiuf hits you with a quarterstaff of chaos.
Casting: Pain
Confirm with . or Enter, or press ? or * to list all spells.
Aiming: Pain
Press: ? - help, Shift-Dir - straight line, f/p - Crazy Yiuf
Aim: Crazy Yiuf, wielding a quarterstaff of chaos and wearing a cloak (heavily wounded, chance to defeat MR: 80%) Crazy Yiuf writhes in agony!
Crazy Yiuf hits you with a quarterstaff of chaos!
* * * LOW HITPOINT WARNING * * *
Space warps horribly around you!
Ouch! That really hurt!
You die...

#.######.############..........).
#.######.)...##..................
#.............................###
########.....##......#........#
#######################.......#
<......# #.......### #####..#
♣♣♣♣♣##.......... ###..# ###
♣♣♣.♣.P)).......... #....#
#...#♣g@♣.)P)))......... #.#..#
#...'.♣♣♣♣)P))..###..... #.#..#
#)..#♣♣ ♣♣))))## #...(# #.#..#
### ♣♣#### #.)..# #.#..# #....#
#.##.# #..... #.##.#########
#....# ###.##....##...#
###########....# ..........##...#
#..............#


You could see Crazy Yiuf.

Vanquished Creatures
  A dart slug (D:1)
  A leopard gecko (D:2)
  A ball python (D:1)
  4 bats
  A giant cockroach (D:1)
  2 goblins
  6 hobgoblins
  2 jackals (D:1)
  2 quokkas (D:2)
  A frilled lizard (D:1)
  6 rats
27 creatures vanquished.

Vanquished Creatures (collateral kills)
  A dart slug (D:1)
1 creature vanquished.

Grand Total: 28 creatures vanquished

Notes
Turn   | Place    | Note
-------+----------+-------------------------------------------
     0 | D:1      | johnjohn the Human Necromancer began the quest for the Orb.
     0 | D:1      | Reached XP level 1. HP: 13/13 MP: 3/3
   236 | D:1      | Learned a level 1 spell: Animate Skeleton
   289 | D:1      | Reached XP level 2. HP: 16/19 MP: 0/5
  1174 | D:1      | Reached XP level 3. HP: 17/24 MP: 2/6
  1284 | D:1      | Learned a level 3 spell: Vampiric Draining
  2322 | D:2      | Found a runed door.
  2326 | D:2      | Noticed Crazy Yiuf
  2340 | D:2      | Mangled by Crazy Yiuf

Action                   || total
-------------------------++-------
Melee: Unarmed           ||     6
       Mace              ||    17
 Cast: Pain              ||    56
       Animate Skeleton  ||     4
  Use: Scroll            ||     1
  Eat: Chunk             ||     2
       Ration            ||     1
Armor: Robe              ||    11
Dodge: Dodged            ||    25
